Cogmind - Beta 16 @@@ ROGUE MODE // 2025.11.15 @ 08:56:11 Player: laeb2 Result: Destroyed by Y-54 Guardian with Flak Gun Performance ------------- Evolutions (0) 0 Regions Visited (3) 600 Robots Destroyed (46) 230 Value Destroyed (1036) 1036 Prototype IDs (0) 0 Alien Tech Used (0) 0 Bonus (0) 0 TOTAL SCORE: 1866 Bonus ------- None Cogmind --------- Core Integrity 0/250 Matter 196/300 Energy 249/250 System Corruption 0% Temperature Cool (74) Movement Rolling (155) Ox5 Location -7/Recycling Parts ------- > --- POWER (1) -------- Ion Engine > --- PROPULSION (2) --- Light Treads Wheel > --- UTILITY (2) ------ High-capacity Storage Unit Makeshift Light Armor Plating > --- WEAPON (2) ------- Barrage Gun Subdweller Shrapnel Launcher > --- INVENTORY (20) --- Ion Engine Subdweller Power Source Light Treads Light Treads Light Treads Compact Wheel Large Matter Pod (150) Structural Scanner Seismic Detector Light Armor Plating Scrap Shield Subdweller Beam Cannon Plasma Cannon Assault Rifle Light Cannon Battle Cannon Subdweller Shrapnel Launcher Datajack Multitool Peak State ------------ > --- POWER ------------ Ion Engine > --- PROPULSION ------- Light Treads Wheel > --- UTILITY ---------- High-capacity Storage Unit Makeshift Light Armor Plating > --- WEAPON ----------- Plasma Cannon Barrage Gun > --- INVENTORY -------- Ion Engine Subdweller Power Source Light Treads Light Treads Light Treads Compact Wheel Large Matter Pod Structural Scanner Seismic Detector Light Armor Plating Scrap Shield Subdweller Beam Cannon Assault Rifle Light Cannon Battle Cannon Subdweller Shrapnel Launcher Subdweller Shrapnel Launcher Datajack Multitool [Rating: 17] Favorites ----------- Power Ion Engine Engine Ion Engine Propulsion Light Treads Treads Light Treads Wheel Wheel Utility High-capacity Storage Unit Device Seismic Detector Storage High-capacity Storage Unit Processor Targeting Computer Protection Makeshift Light Armor Plating Weapon Light Cannon Energy Gun Medium Laser Energy Cannon Plasma Cannon Ballistic Gun Barrage Gun Ballistic Cannon Light Cannon Launcher Subdweller Shrapnel Launcher Special Weapon Multitool Build | -11 -10 -10 -7 ------- Run | Yrd Mat Sub Rec Slots Evolved . | . . . . Power . | . . . . Propulsion . | . . . . Utility . | . . . . Weapon . | . . . . Parts Attached 29 | 7 8 10 4 Power 4 | 1 2 1 . Engine 4 | 1 2 1 . Core . | . . . . Reactor . | . . . . Propulsion 7 | 2 2 3 . Treads 3 | 2 . 1 . Leg . | . . . . Wheel 4 | . 2 2 . Hover . | . . . . Flight . | . . . . Utility 6 | 2 2 2 . Device 2 | 1 . 1 . Storage 2 | 1 1 . . Processor 1 | . 1 . . Hackware . | . . . . Protection 1 | . . 1 . Artifact . | . . . . Weapon 12 | 2 2 4 4 Energy Gun 2 | 2 . . . Energy Cannon 2 | . . 1 1 Ballistic Gun 2 | . . . 2 Ballistic Cannon 3 | . 2 1 . Launcher 2 | . . 2 . Special Weapon 1 | . . . 1 Impact Weapon . | . . . . Slashing Weapon . | . . . . Piercing Weapon . | . . . . Special Melee Weapon . | . . . . Unidentified Prototypes . | . . . . Parts Lost 8 | . 3 5 . Power 2 | . 1 1 . Propulsion 3 | . 1 2 . Utility . | . . . . Weapon 3 | . 1 2 . Highest Loss Streak 3 | . 3 2 . To Critical Strikes . | . . . . Average Backups 17 | 3 16 19 18 Power 1 | . 1 1 2 Propulsion 4 | 1 4 5 4 Utility 4 | . 5 4 5 Weapon 5 | 1 5 5 6 Tool/Special . | . . . . Unused Backups 19 | . 3 5 11 Power 3 | . 2 . 1 Propulsion 4 | . 1 . 3 Utility 6 | . . 2 4 Weapon 5 | . . 3 2 Tool/Special 1 | . . . 1 Average Slot Usage (%) 99 | . 99 98 100 Engine 13 | . 13 13 14 Treads 14 | . 14 14 14 Wheel 13 | . 13 13 14 Device 4 | . 2 12 . Storage 14 | . 14 14 14 Processor 5 | . 11 . . Protection 3 | . . 1 14 Energy Gun 2 | . 6 . . Energy Cannon 1 | . . . 6 Ballistic Gun 3 | . . . 15 Ballistic Cannon 13 | . 21 13 . Launcher 4 | . . 13 3 Peak Build Rating 17 | 7 9 14 17 Average Rating 10 | 5 8 10 15 On Entrance 7 | . 7 9 14 Avg Prop Armor Cover (%) 10 | . 10 11 9 Naked Turns . | . . . . Heaviest Build 65 | 14 51 65 65 Greatest Support 40 | 40 40 10 10 Greatest Overweight (x) 6 | . 5 6 6 Average Overweight (x) 4 | . 4 5 5 Largest Inventory Capacity 20 | 8 20 20 20 Average Capacity 19 | 7 19 20 20 Most Carried 20 | 7 20 20 20 Average Carried 17 | 3 16 19 19 Final Capacity 20 | 8 20 20 20 Final Carried 20 | 6 20 20 20 Class Distribution -------------------- 85% | Mutant 14% | Scavenger-Mutant Dominant Class ---------------- Mutant | -10/Materials Scavenger-Mutant | -10/Subcaves Mutant | -7/Recycling Resources | -11 -10 -10 -7 ----------- Run | Yrd Mat Sub Rec Matter Collected 1860 | 250 525 541 544 Remotely . | . . . . Salvage Created 1390 | 110 586 230 464 Parts 88 | 7 49 19 13 Haulers Intercepted 2 | . 2 . . Recyclers Shooed 1 | . . . 1 Parts Field Recycled . | . . . . Retrieved Matter . | . . . . Parts Self-Destructed 18 | . . 18 . Prevented . | . . . . Parts Restored . | . . . . Kills | -11 -10 -10 -7 ------- Run | Yrd Mat Sub Rec Combat Hostiles Destroyed 28 | . 14 14 . Guns 3 | . 3 . . Cannons 14 | . 11 3 . AOE 11 | . . 11 . Classes Destroyed 12 | 2 7 3 . Worker 1 | . 1 . . Builder 1 | . 1 . . Tunneler 3 | 2 1 . . Hauler 2 | . 2 . . Recycler 6 | 1 1 . 4 Operator 2 | . 2 . . Turret 1 | . . 1 . Watcher 2 | . 2 . . Swarmer 9 | . 6 3 . Grunt 8 | . 8 . . Artisan 1 | . . 1 . Subdweller 11 | . . 11 . Best Kill Streak 7 | 3 7 5 2 Combat Bots Only 6 | . 6 4 . Max Kills in Single Turn 2 | 1 1 2 2 Gunslinging . | . . . . Exploded 2 | . . 2 . Melee . | . . . . Uniques/NPCs Destroyed . | . . . . Combat | -11 -10 -10 -7 -------- Run | Yrd Mat Sub Rec Hostile Shots Fired 146 | . 81 47 18 Missed 42 | . 19 13 10 Hits 104 | . 62 34 8 Projectile 104 | . 62 34 8 Damage Taken 1334 | . 552 729 53 Core 254 | . 99 149 6 Absorbed by Shields . | . . . . Core Remaining (%) 100 | 100 . . . Volleys Fired 144 | 10 60 34 40 Largest 2 | 2 2 2 2 Hottest 90 | 90 90 80 80 Shots Fired 227 | 20 110 52 45 Gun 67 | 20 38 . 9 Cannon 116 | . 72 27 17 Launcher 27 | . . 25 2 Special 17 | . . . 17 Kinetic 131 | . 72 48 11 Thermal 96 | 20 38 4 34 Explosive . | . . . . Electromagnetic . | . . . . Robot Hit Streak 15 | 3 15 7 13 Robot Miss Streak 4 | 1 4 3 1 Penetration Max . | . . . . Secondary Targets . | . . . . Shots Hit Robots 123 | 11 67 24 21 Core Hits 70 | 4 28 25 13 Critical Kills . | . . . . Critical Parts Destroyed . | . . . . Critical Strikes 7 | . 6 1 . Burn 3 | . 3 . . Blast 4 | . 3 1 . Melee Attacks . | . . . . Impact . | . . . . Slashing . | . . . . Piercing . | . . . . Sneak Attacks . | . . . . Combat Hostiles . | . . . . Follow-up Attacks . | . . . . Damage Inflicted 3202 | 129 1059 1555 459 Guns 540 | 129 345 . 66 Cannons 1012 | . 714 298 . Explosions 1538 | . . 1257 281 Melee . | . . . . Ramming . | . . . . Kinetic 2511 | . 714 1450 347 Thermal 691 | 129 345 105 112 Explosive . | . . . . Electromagnetic . | . . . . Impact . | . . . . Slashing . | . . . . Piercing . | . . . . Highest Corruption . | . . . . Average Corruption . | . . . . Corruption Purged . | . . . . Corruption Blocked . | . . . . Overload Shots . | . . . . Overflow Damage 37 | . 5 14 18 Projectiles 19 | . 5 14 . Explosions 18 | . . . 18 Melee . | . . . . Knockbacks 11 | . 9 2 . Impact . | . . . . Kinetic 11 | . 9 2 . Secondary . | . . . . Self-Inflicted Damage 105 | . . 105 . Shots 2 | . . 2 . Rammed . | . . . . Targets Rammed . | . . . . Kicked . | . . . . Crushed . | . . . . Highest Temperature 255 | 150 150 10 255 Average Temperature 62 | 59 40 5 94 Received Heat Transfer 228 | . 105 105 18 Siege Activations . | . . . . Martial Activations . | . . . . Shielding Activations . | . . . . Robots Disrupted . | . . . . Combat Hostiles . | . . . . Robots Corrupted . | . . . . Combat Hostiles . | . . . . Parts Fried . | . . . . Impact Corruptions . | . . . . Robots Melted . | . . . . Combat Hostiles . | . . . . Parts Melted 5 | 1 3 . 1 Heat Transferred 2056 | 335 1198 148 375 Parts Sabotaged . | . . . . Parts Stolen . | . . . . Parts Stripped . | . . . . Power Chain Reactions . | . . . . Alert | -11 -10 -10 -7 ------- Run | Yrd Mat Sub Rec Maximum Alert Level . | . . . . Low Security (%) 100 | 100 100 . 100 Level 1 . | . . . . Level 2 . | . . . . Level 3 . | . . . . Level 4 . | . . . . Level 5 . | . . . . High Security . | . . . . Max Security . | . . . . Peak Influence 175 | 5 175 . 63 Initial 58 | . . . 58 Average 62 | . 94 . 8 Influence Increases 729 | 15 496 155 63 Destroy 0b10 Robot/C 360 | . 280 80 . Destroy 0b10 Robot/NC 95 | 15 50 . 30 Destroy Leader 58 | . 58 . . Successful Hack 17 | . 17 . . Disable Machine 90 | . 90 . . Destroy Structure 34 | . 1 . 33 Lose Combat Pursuer 75 | . . 75 . Influence Decreases 701 | 15 433 95 158 Entered New Map 96 | . . 31 65 Time Decay 575 | 15 403 64 93 Lost Part 30 | . 30 . . Squads Dispatched 2 | . 2 . . Investigation 1 | . 1 . . Extermination . | . . . . Reinforcement 1 | . 1 . . Assault . | . . . . Garrison . | . . . . Intercept . | . . . . Searches Triggered . | . . . . Construction Impeded . | . . . . Haulers Reinforced . | . . . . Active Scanning Responses . | . . . . Cargo Convoy Interrupts . | . . . . Stealth | -11 -10 -10 -7 --------- Run | Yrd Mat Sub Rec Distress Signals 3 | . 2 . 1 Communications Jammed . | . . . . Distress Signals . | . . . . Times Spotted 38 | . 23 14 1 Peak Tracking Total 5 | . 5 4 1 Tactical Retreats 2 | . . 2 . Traps | -11 -10 -10 -7 ------- Run | Yrd Mat Sub Rec Traps Triggered 2 | . 1 1 . Indirectly . | . . . . Trap Hack Attempts . | . . . . Triggered . | . . . . Disarmed . | . . . . Reprogrammed . | . . . . Reused . | . . . . Traps Extracted . | . . . . Installed . | . . . . Triggered . | . . . . Machines | -11 -10 -10 -7 ---------- Run | Yrd Mat Sub Rec Machines Disabled 9 | . 6 3 . Max in Single Turn 3 | . 1 3 . Machines Repaired . | . . . . Machines Dismantled . | . . . . Machines Sabotaged . | . . . . Overloaded Fab Kills . | . . . . Hacking | -11 -10 -10 -7 --------- Run | Yrd Mat Sub Rec Machines Accessed 4 | . 3 . 1 Terminals 4 | . 3 . 1 Fabricators . | . . . . Repair Stations . | . . . . Recycling Units . | . . . . Scanalyzers . | . . . . Garrison Access . | . . . . Total Hacks 9 | . 8 . 1 Successful 4 | . 4 . . Failed 5 | . 4 . 1 Catastrophic . | . . . . Database Lockouts . | . . . . Manual 6 | . 5 . 1 Terminals 9 | . 8 . 1 Fabricators . | . . . . Repair Stations . | . . . . Recycling Units . | . . . . Scanalyzers . | . . . . Garrison Access . | . . . . Terminal Hacks 1 | . 1 . . Zone Layout 1 | . 1 . . Fabricator Hacks . | . . . . Repair Station Hacks . | . . . . Recycling Unit Hacks . | . . . . Scanalyzer . | . . . . Garrison Access Hacks . | . . . . Unauthorized Hacks 3 | . 3 . . Terminals 3 | . 3 . . Botnet 3 | . 3 . . Fabricators . | . . . . Repair Stations . | . . . . Recycling Units . | . . . . Scanalyzers . | . . . . Garrison Access . | . . . . Data Cores Recovered 1 | . 1 . . Used . | . . . . Hacking Detections 3 | . 3 . . Full Trace Events . | . . . . Feedback Events . | . . . . Feedback Blocked . | . . . . Robot Schematics Acquired . | . . . . Robots Built . | . . . . Authchips . | . . . . Time . | . . . . Total Robot Build Rating . | . . . . Part Schematics Acquired . | . . . . Parts Built . | . . . . Authchips . | . . . . Time . | . . . . Total Part Build Rating . | . . . . Part Studies Acquired . | . . . . Parts Repaired . | . . . . Time . | . . . . Parts Recycled . | . . . . Recycled Matter . | . . . . Retrieved Matter . | . . . . Retrieved Components . | . . . . Parts Scanalyzed . | . . . . Part Schematics Acquired . | . . . . Parts Damaged . | . . . . Bothacking | -11 -10 -10 -7 ------------ Run | Yrd Mat Sub Rec Used RIF Installer . | . . . . Robots Hacked . | . . . . Non-combat . | . . . . Combat . | . . . . Robot Hacks Applied . | . . . . Relay Couplers Released . | . . . . Fabnet Peak Effective % . | . . . . Robots Rewired . | . . . . Allies Hacked . | . . . . Hacks Repelled . | . . . . Allies | -11 -10 -10 -7 -------- Run | Yrd Mat Sub Rec Total Allies . | . . . . Largest Group . | . . . . Highest-Rated Group . | . . . . Highest-Rated Ally . | . . . . Total Orders . | . . . . Ally Attacks . | . . . . Total Damage . | . . . . Kills . | . . . . Allies Corrupted . | . . . . Allies Melted . | . . . . Intel | -11 -10 -10 -7 ------- Run | Yrd Mat Sub Rec Active Infowar (turns) 1020 | 18 227 775 . Seismic 1020 | 18 227 775 . Robot Analysis Total . | . . . . Derelict Logs Recovered . | . . . . Drone Launches . | . . . . Drone Recoveries . | . . . . Exploration | -11 -10 -10 -7 ------------- Run | Yrd Mat Sub Rec Turns Passed 2999 | 112 1339 863 685 Spaces Moved 1560 | 47 762 435 316 Core 12 | 12 . . . Treads 55 | 35 20 . . Legs . | . . . . Wheels 1493 | . 742 435 316 Hover . | . . . . Flight . | . . . . Fastest Speed 50 | 50 140 155 155 Average Speed 151 | 131 146 159 155 Slowest Speed 170 | 160 160 170 170 Overloaded Moves . | . . . . Propulsion Burnouts . | . . . . Robots Hopped . | . . . . Potential Cave-ins . | . . . . Cave-ins Triggered . | . . . . Exploration Rate (%) 38 | 4 87 39 24 Regions Visited 3 Branch Regions 2 Pre-discovered Areas . | . . . . Known Exits Taken . | . . . . Unknown Exits Taken 3 | 1 1 1 . Scrap Searched 7 | . . 7 . Spaces Dug 9 | . . . 9 Terrain Destroyed 308 | . . 259 49 Melee . | . . . . Projectile 17 | . . . 17 AOE 291 | . . 259 32 Terrain Rammed . | . . . . Walls Destroyed . | . . . . Machines Disabled . | . . . . Actions | -11 -10 -10 -7 --------- Run | Yrd Mat Sub Rec Total 1966 | 77 878 552 459 Wait 162 | 2 21 47 92 Move 1557 | 46 761 434 316 Hop . | . . . . Pick Up 47 | 12 22 12 1 Fast Attach 3 | 1 . 2 . Attach 15 | 6 3 6 . Detach . | . . . . Swap 19 | . 5 6 8 Drop 18 | . 6 11 1 Fire 144 | 10 60 34 40 Melee . | . . . . Ram . | . . . . Kick . | . . . . Crush . | . . . . Escape Stasis . | . . . . Rewire . | . . . . Trap . | . . . . Miscellaneous 1 | . . . 1 Route ------- -11/Scrapyard -10/Materials (discovered 5 exits: [*Mat x2] / [*Min x2] / [*Sub]) -10/Subcaves (discovered 2 exits: [*Mat] / *Rec) -7/Recycling History --------- Turn | Location | Event 4 | -11/Scrapyard | Discovered new exit (range 15) 113 | -11/Scrapyard | Entered Materials 264 | -10/Materials | Discovered new exit (range 12) 303 | -10/Materials | Build established: Mutant 531 | -10/Materials | Lost 3 parts (1p1n1w) 559 | -10/Materials | Discovered new exit (range 7) 615 | -10/Materials | Discovered new exit (range 6) 766 | -10/Materials | Discovered new exit (range 5) 1008 | -10/Materials | Discovered new exit (range 16) 1213 | -10/Materials | Derelicts attacked the area 1452 | -10/Materials | Entered Subcaves 1666 | -10/Subcaves | Ambushed by angry Subdweller bent on revenge 1678 | -10/Subcaves | Core integrity fell below 50% 2027 | -10/Subcaves | Shifting Twisted Machinery released Battle Cannon 2043 | -10/Subcaves | Discovered new exit (range 10) 2048 | -10/Subcaves | Build established: Scavenger-Mutant 2049 | -10/Subcaves | Shifting Twisted Machinery released Sub. Laser 2096 | -10/Subcaves | Shifting Twisted Machinery released Sub. Optics 2165 | -10/Subcaves | Shifting Twisted Machinery released Sub. Monowheel 2222 | -10/Subcaves | Core integrity fell below 20% 2280 | -10/Subcaves | Discovered new exit (range 13) 2315 | -10/Subcaves | Entered Recycling 2316 | -7/Recycling | Met a Zionite searching for Scraptown 2487 | -7/Recycling | Build established: Mutant 3000 | -7/Recycling | Destroyed by Y-54 Guardian with Flak Gun Last Messages --------------- 02412_ R-06 Scavenger collects Sml. Storage Unit. 02417_ R-06 Scavenger destroyed. 02420_ Acquired 78 matter. 02422_ R-06 Scavenger collects Sml. Storage Unit. 02425_ Acquired 78 matter. 02427_ R-06 Scavenger collects Com. Wheel. 02492_ Acquired 50 matter. 02493_ Acquired 64 matter. 02495_ Acquired 53 matter. 02496_ Acquired 21 matter. 02646_ U-05 Engineer builds a Wall. 02943_ Terminal reconfigured, +22% effectiveness. 02945_ Connecting with Terminal... 02945_ Current location identified: Recycling 02994_ Sub. Shrapnel Launcher shoots sparks and powers down. 02998_ R-06 Scavenger destroyed. Map ----- +----------------------------------------------------+ | ?????????????????????????????????????????????????? | | ?????????????????????????????????????????????????? | | ?????????????????????????????????????????????????? | | ?????????????????????????????????????????????????? | | ?????????????????????????????????????????????????? | | ?????????????????????????????????????????????????? | | ?????????????????????????????????????????????????? | | ?????????????????????????????????????????????????? | | ?????????????????????????????????????????????????? | | ?????????????????????????????????????????????????? | | ?????????###?????????????????????????????????????? | | ########## ####????##################????????????? | | #???? #????????????? | | ##??? """#????????????? | | #???"""" """"" Y"#????????????? | | ##????""" """"" """#????????????? | | #?# """"" """"" #????????????? | | #?# #????????????? | | ###########+###????#######+#########?????????????? | | ######### ########## ###########?????????? | | " #?????????? | | "T #?????????? | | #?????????? | | ######### # ]]###### ####+#######????????? | | ????????#### ## ]]#????## ##?# #????????? | | ???????????# ######?????#@ #??# #????????? | | ???????????# ??????????# #?## !! #????????? | | ???????????" ##?????????# #?# #????????? | | ???????????Y #??????????# #?## / #????????? | | ??????????"" #??????????# #??# = ##???????? | | ??????????## #??????????# #??# ##???????? | | ???????????# #??????????# #??# ##???????? | | ??????????? ???????????# #??# #????????? | | ???????????##???????????# r#??# ########????????? | | ????????????????????????# #??###???# ##????????? | | ????????????????????????# !;????????# #?????????? | | ????????????????????????# % ????????# #?????????? | | ????????????????????????#Y [???????# #?????????? | | ????????????????????????# [???????# #?????????? | | ???????????????????????? ;#??????# #?????????? | | ????????????????????????# #????????# #?????????? | | ????????????????????????? #????????? ??????????? | | ????????????????????????? #????????? ??????????? | | ????????????????????????? #????????? ??????????? | | ????????????????????????? #?????????#??????????? | | ????????????????????????? #????????????????????? | | ????????????????????????? ?????????????????????? | | ?????????????????????????????????????????????????? | | ?????????????????????????????????????????????????? | | ?????????????????????????????????????????????????? | +----------------------------------------------------+ Best States ------------- Heat Dissipation 25 Energy Generation 10 Energy Capacity 250 Matter Stores 300 Matter Capacity 300 Sight Range 16 Terrain Scan Density 10 Armor Coverage 100 Evasion (%) 50 Targeting Accuracy 5 Recoil Reduction 2 Item Schematics ----------------- None Robot Schematics ------------------ None Fabricated ------------ Nothing Repaired ---------- Nothing Studied --------- None Alien Tech Used ----------------- None Achievements -------------- Art Critic Do Not Disturb Challenges ------------ None Game ------ Seed SensorInsulatedShell Manual? 0 Play Time 00:20:12 Cumulative 119.1 hours Start 2025.11.15 @ 08:36:21 End 2025.11.15 @ 08:56:11 Sessions 1 Manual Loads 0 Difficulty Rogue Special Mode None Game No. 141 Rogue 141 Adventurer 0 Explorer 0 Win Type - Total 2 Types 2/0/0/0/0/0/0/0/0/0 Lore% 71 Gallery% 61 Achievement% 42 Wizard Run 0 Options --------- Layout 1 ASCII 0 Keyboard 0 Movement Mouse Keybinds 0 Fullscreen 1 Font 32/SmallcapsGlow Map View 50x35 Zoom Use 0% Tactical HUD 1 Map Filters NONE Filters NONE Steam 1 RUN: 25314180-fc97-432d-96fe-8a408a2aeb14